Cogmind - Beta 16 @@@ ROGUE MODE // 2025.11.29 @ 11:16:26 Player: The Overplayer Result: Smashed by cave-in Performance ------------- Evolutions (0) 0 Regions Visited (1) 200 Robots Destroyed (5) 25 Value Destroyed (59) 59 Prototype IDs (0) 0 Alien Tech Used (0) 0 Bonus (0) 0 TOTAL SCORE: 284 Bonus ------- None Cogmind --------- Core Integrity 0/250 Matter 295/300 Energy 125/125 System Corruption 13% Temperature Cool (0) Movement Flying (37) Location -10/Materials Parts ------- > --- POWER (1) -------- Light Ion Engine > --- PROPULSION (2) --- Flight Unit Flight Unit > --- UTILITY (2) ------ (None) > --- WEAPON (2) ------- Hammer > --- INVENTORY (5) ---- Improved Terrain Scanner Assault Rifle Light Assault Rifle Mining Laser Peak State ------------ > --- POWER ------------ Light Ion Engine > --- PROPULSION ------- Aluminum Leg Aluminum Leg > --- UTILITY ---------- Small Storage Unit Seismic Detector > --- WEAPON ----------- Assault Rifle Light Assault Rifle > --- INVENTORY -------- Ion Engine [Rating: 7] Favorites ----------- Power Light Ion Engine Engine Light Ion Engine Propulsion Aluminum Leg Leg Aluminum Leg Flight Unit Flight Unit Utility Small Storage Unit Device Seismic Detector Storage Small Storage Unit Weapon Light Assault Rifle Ballistic Gun Light Assault Rifle Special Weapon Mining Laser Impact Weapon Hammer Build | -11 -10 ------- Run | Yrd Mat Slots Evolved . | . . Power . | . . Propulsion . | . . Utility . | . . Weapon . | . . Parts Attached 13 | 7 6 Power 2 | 1 1 Engine 2 | 1 1 Core . | . . Reactor . | . . Propulsion 4 | 2 2 Treads . | . . Leg 2 | 2 . Wheel . | . . Hover . | . . Flight 2 | . 2 Utility 3 | 2 1 Device 2 | 1 1 Storage 1 | 1 . Processor . | . . Hackware . | . . Protection . | . . Artifact . | . . Weapon 4 | 2 2 Energy Gun . | . . Energy Cannon . | . . Ballistic Gun 2 | 2 . Ballistic Cannon . | . . Launcher . | . . Special Weapon 1 | . 1 Impact Weapon 1 | . 1 Slashing Weapon . | . . Piercing Weapon . | . . Special Melee Weapon . | . . Unidentified Prototypes . | . . Parts Lost 5 | . 5 Power 1 | . 1 Propulsion 2 | . 2 Utility 2 | . 2 Weapon . | . . Highest Loss Streak 4 | . 4 To Critical Strikes . | . . Average Backups 3 | 1 4 Power . | . . Propulsion . | . . Utility 1 | . 1 Weapon 1 | . 1 Tool/Special . | . . Unused Backups 2 | 1 1 Power 1 | 1 . Propulsion . | . . Utility 1 | . 1 Weapon . | . . Tool/Special . | . . Average Slot Usage (%) 79 | . 79 Engine 13 | . 13 Leg 17 | . 17 Flight 6 | . 6 Device 9 | . 9 Storage 9 | . 9 Ballistic Gun 12 | . 12 Special Weapon 8 | . 8 Impact Weapon 2 | . 2 Peak Build Rating 7 | 7 7 Average Rating 5 | 5 5 On Entrance 3 | . 7 Avg Prop Armor Cover (%) . | . . Naked Turns . | . . Heaviest Build 12 | 12 12 Greatest Support 20 | 20 20 Greatest Overweight (x) 2 | . 2 Average Overweight (x) . | . . Largest Inventory Capacity 8 | 8 8 Average Capacity 6 | 7 6 Most Carried 5 | 4 5 Average Carried 3 | . 4 Final Capacity 8 | 8 5 Final Carried 4 | 3 4 Class Distribution -------------------- 100% | Mutant Dominant Class ---------------- Mutant | -10/Materials Resources | -11 -10 ----------- Run | Yrd Mat Matter Collected 358 | 302 56 Remotely . | . . Salvage Created 195 | 123 72 Parts 11 | 6 5 Haulers Intercepted 1 | . 1 Recyclers Shooed . | . . Parts Field Recycled . | . . Retrieved Matter . | . . Parts Self-Destructed . | . . Prevented . | . . Parts Restored . | . . Kills | -11 -10 ------- Run | Yrd Mat Combat Hostiles Destroyed 2 | . 2 Melee 2 | . 2 Classes Destroyed 5 | 2 3 Tunneler 1 | 1 . Hauler 1 | . 1 Recycler 1 | 1 . Swarmer 1 | . 1 Grunt 1 | . 1 Best Kill Streak 2 | 2 2 Combat Bots Only 2 | . 2 Max Kills in Single Turn 1 | 1 1 Gunslinging . | . . Exploded . | . . Melee 1 | . 1 Uniques/NPCs Destroyed . | . . Combat | -11 -10 -------- Run | Yrd Mat Hostile Shots Fired 12 | . 12 Missed 3 | . 3 Hits 9 | . 9 Projectile 9 | . 9 Damage Taken 751 | . 751 Core 266 | . 266 Absorbed by Shields . | . . Core Remaining (%) 100 | 100 . Volleys Fired 24 | 8 16 Largest 2 | 2 1 Hottest 100 | 40 100 Shots Fired 32 | 16 16 Gun 16 | 16 . Cannon . | . . Launcher . | . . Special 16 | . 16 Kinetic 16 | 16 . Thermal 16 | . 16 Explosive . | . . Electromagnetic . | . . Robot Hit Streak 9 | 9 3 Robot Miss Streak 2 | 2 . Penetration Max . | . . Secondary Targets . | . . Shots Hit Robots 18 | 12 6 Core Hits 5 | 3 2 Critical Kills . | . . Critical Parts Destroyed 1 | . 1 Critical Strikes 1 | . 1 Smash 1 | . 1 Melee Attacks 10 | . 10 Impact 10 | . 10 Slashing . | . . Piercing . | . . Sneak Attacks 1 | . 1 Combat Hostiles . | . . Follow-up Attacks . | . . Damage Inflicted 301 | 135 166 Guns 135 | 135 . Cannons . | . . Explosions . | . . Melee 142 | . 142 Ramming . | . . Kinetic 135 | 135 . Thermal 24 | . 24 Explosive . | . . Electromagnetic . | . . Impact 142 | . 142 Slashing . | . . Piercing . | . . Highest Corruption 12 | . 12 Average Corruption 11 | . 11 Corruption Purged . | . . Corruption Blocked . | . . Effects 5 | . 5 Matter Fused 1 | . 1 Heat Flow Errors 1 | . 1 Data Loss (minor) 1 | . 1 Data Loss (major) 1 | . 1 Alerts 1 | . 1 Overload Shots . | . . Overflow Damage 31 | . 31 Projectiles . | . . Explosions . | . . Melee 31 | . 31 Knockbacks . | . . Impact . | . . Kinetic . | . . Secondary . | . . Self-Inflicted Damage . | . . Shots . | . . Rammed . | . . Targets Rammed . | . . Kicked . | . . Crushed . | . . Highest Temperature 256 | . 256 Average Temperature 49 | . 49 Received Heat Transfer 42 | . 42 Siege Activations . | . . Martial Activations . | . . Shielding Activations . | . . Robots Disrupted . | . . Combat Hostiles . | . . Robots Corrupted . | . . Combat Hostiles . | . . Parts Fried . | . . Impact Corruptions 2 | . 2 Robots Melted . | . . Combat Hostiles . | . . Parts Melted . | . . Heat Transferred 50 | . 50 Parts Sabotaged . | . . Parts Stolen . | . . Parts Stripped . | . . Power Chain Reactions . | . . Alert | -11 -10 ------- Run | Yrd Mat Maximum Alert Level . | . . Low Security (%) 100 | 100 100 Level 1 . | . . Level 2 . | . . Level 3 . | . . Level 4 . | . . Level 5 . | . . High Security . | . . Max Security . | . . Peak Influence 32 | 5 32 Initial . | . . Average 2 | 1 3 Influence Increases 95 | 10 85 Destroy 0b10 Robot/C 40 | . 40 Destroy 0b10 Robot/NC 15 | 10 5 Destroy Leader 2 | . 2 Destroy Structure 8 | . 8 Lose Combat Pursuer 30 | . 30 Influence Decreases 81 | 10 71 Time Decay 41 | 10 31 Lost Part 40 | . 40 Squads Dispatched 1 | . 1 Investigation 1 | . 1 Extermination . | . . Reinforcement . | . . Assault . | . . Garrison . | . . Intercept . | . . Searches Triggered . | . . Construction Impeded . | . . Haulers Reinforced . | . . Active Scanning Responses . | . . Cargo Convoy Interrupts . | . . Stealth | -11 -10 --------- Run | Yrd Mat Distress Signals . | . . Communications Jammed . | . . Distress Signals . | . . Times Spotted 4 | . 4 Peak Tracking Total 2 | . 2 Tactical Retreats 1 | . 1 Traps | -11 -10 ------- Run | Yrd Mat Traps Triggered 2 | . 2 Indirectly . | . . Trap Hack Attempts . | . . Triggered . | . . Disarmed . | . . Reprogrammed . | . . Reused . | . . Traps Extracted . | . . Installed . | . . Triggered . | . . Machines | -11 -10 ---------- Run | Yrd Mat Machines Disabled . | . . Max in Single Turn . | . . Machines Repaired . | . . Machines Dismantled . | . . Machines Sabotaged . | . . Overloaded Fab Kills . | . . Hacking | -11 -10 --------- Run | Yrd Mat Machines Accessed 1 | . 1 Terminals 1 | . 1 Fabricators . | . . Repair Stations . | . . Recycling Units . | . . Scanalyzers . | . . Garrison Access . | . . Total Hacks 3 | . 3 Successful . | . . Failed 3 | . 3 Catastrophic . | . . Database Lockouts . | . . Manual 2 | . 2 Terminals 3 | . 3 Fabricators . | . . Repair Stations . | . . Recycling Units . | . . Scanalyzers . | . . Garrison Access . | . . Terminal Hacks . | . . Fabricator Hacks . | . . Repair Station Hacks . | . . Recycling Unit Hacks . | . . Scanalyzer . | . . Garrison Access Hacks . | . . Unauthorized Hacks . | . . Terminals . | . . Fabricators . | . . Repair Stations . | . . Recycling Units . | . . Scanalyzers . | . . Garrison Access . | . . Data Cores Recovered . | . . Used . | . . Hacking Detections 1 | . 1 Full Trace Events . | . . Feedback Events . | . . Feedback Blocked . | . . Robot Schematics Acquired . | . . Robots Built . | . . Authchips . | . . Time . | . . Total Robot Build Rating . | . . Part Schematics Acquired . | . . Parts Built . | . . Authchips . | . . Time . | . . Total Part Build Rating . | . . Part Studies Acquired . | . . Parts Repaired . | . . Time . | . . Parts Recycled . | . . Recycled Matter . | . . Retrieved Matter . | . . Retrieved Components . | . . Parts Scanalyzed . | . . Part Schematics Acquired . | . . Parts Damaged . | . . Bothacking | -11 -10 ------------ Run | Yrd Mat Used RIF Installer . | . . Robots Hacked . | . . Non-combat . | . . Combat . | . . Robot Hacks Applied . | . . Relay Couplers Released . | . . Fabnet Peak Effective % . | . . Robots Rewired . | . . Allies Hacked . | . . Hacks Repelled . | . . Allies | -11 -10 -------- Run | Yrd Mat Total Allies . | . . Largest Group . | . . Highest-Rated Group . | . . Highest-Rated Ally . | . . Total Orders . | . . Ally Attacks . | . . Total Damage . | . . Kills . | . . Allies Corrupted . | . . Allies Melted . | . . Intel | -11 -10 ------- Run | Yrd Mat Active Infowar (turns) 185 | 22 163 Sensors 13 | . 13 Seismic 172 | 22 150 Robot Analysis Total . | . . Derelict Logs Recovered . | . . Drone Launches . | . . Drone Recoveries . | . . Exploration | -11 -10 ------------- Run | Yrd Mat Turns Passed 362 | 110 252 Spaces Moved 240 | 62 178 Core 5 | 4 1 Treads . | . . Legs 149 | 58 91 Wheels . | . . Hover . | . . Flight 86 | . 86 Fastest Speed 37 | 50 37 Average Speed 90 | 115 82 Slowest Speed 150 | 120 150 Overloaded Moves . | . . Propulsion Burnouts . | . . Robots Hopped 1 | . 1 Potential Cave-ins 6 | . 6 Cave-ins Triggered 4 | . 4 Exploration Rate (%) 19 | 5 33 Regions Visited 1 Branch Regions . Pre-discovered Areas . | . . Known Exits Taken . | . . Unknown Exits Taken 1 | 1 . Scrap Searched . | . . Spaces Dug 19 | . 19 Terrain Destroyed 19 | . 19 Melee 4 | . 4 Projectile 15 | . 15 AOE . | . . Terrain Rammed . | . . Walls Destroyed . | . . Machines Disabled . | . . Actions | -11 -10 --------- Run | Yrd Mat Total 302 | 83 219 Wait 3 | . 3 Move 237 | 61 176 Hop 1 | . 1 Pick Up 8 | 5 3 Fast Attach 8 | 7 1 Attach 4 | . 4 Detach 2 | . 2 Swap 2 | . 2 Drop 3 | 2 1 Fire 24 | 8 16 Melee 10 | . 10 Ram . | . . Kick . | . . Crush . | . . Escape Stasis . | . . Rewire . | . . Trap . | . . Miscellaneous . | . . Route ------- -11/Scrapyard -10/Materials History --------- Turn | Location | Event 60 | -11/Scrapyard | Discovered new exit (range 15) 111 | -11/Scrapyard | Entered Materials 261 | -10/Materials | Crushed by falling debris 263 | -10/Materials | Crushed by falling debris 263 | -10/Materials | Core integrity fell below 50% 263 | -10/Materials | System corruption reached 10% 277 | -10/Materials | Crushed by falling debris 277 | -10/Materials | Core integrity fell below 20% 294 | -10/Materials | Lost 4 parts (1p2n1u) 315 | -10/Materials | Build established: Mutant 364 | -10/Materials | Crushed by falling debris 364 | -10/Materials | Smashed by cave-in Last Messages --------------- emitted. 00334_ U-05 Engineer builds a Wall. 00339_ K-01 Serf collects debris. 00339_ R-06 Scavenger collects Med. Laser. 00344_ K-01 Serf collects debris. 00344_ G-34 Mercenary suffers critical hit (Smash). 00344_ Destroyed Heat Sink. 00344_ G-34 Mercenary system corrupted by crushing effect. 00344_ G-34 Mercenary destroyed. 00347_ Acquired 19 matter. 00348_ U-05 Engineer builds a Wall. 00349_ System corrupted: Component data lost. 00349_ K-01 Serf collects debris. 00360_ U-05 Engineer builds a Wall. 00364_ The unstable cave ceiling collapses. 00364_ Crushed by falling debris. 00364_ Sensor Array destroyed. 00364_ System corrupted by crushing effect (+1). Map ----- +----------------------------------------------------+ | ?????????# ?????#### """" """" # #?????? | | ?????????# ?????#### """" """" # #?????? | | ?????????# ????## " """" """" # #?????? | | ?????????+ ?????### # #?????? | | ?????????# ???????# + #?????? | | ?????????# ##???????############# #?????? | | ????????? ?????????????######### #?????? | | ?????????? ?????????????# ! # #?????? | | ??????????????????????????# # #?????? | | ??????????????????????????#"""" + #?????? | | ??????????????????????????# """ # #?????? | | ??????????????????????????# """ # #?????? | | ??????????????????????????# # #?????? | | ??????????????????????????######## #?????? | | ?????????????????????????????????# #?????? | | ??????????????? ############ #?????? | | ??????????????? ? ? #?????? | | ??????????????? ############ #?????? | | ??????????????????????????????????## #?????? | | ???????????????????????????######### ! ##????? | | ???????????????????????????# #? [ #????? | | ???????????????????????????# ! %+=?[[ #????? | | ??????????????????????????##? #### #????? | | ?????????????????????????############??####????? | | ????????????????????????## ##????####??????????? | | ????????????????????????#@##???????????????????? | | ??????????????????????? ;##????????????????????? | | ?????????????????????" #??????????????????????? | | ???????????????????""" ???????????????????????? | | ?????????????????? ????????????????????????? | | ?????????????????# * ?????????????????????????? | | ?????????????????####??????????????????????????? | | ???????????????????????????????????????????????? | | ???????????????????????????????????????????????? | | ???????????????????????????????????????????????? | | ???????????????????????????????????????????????? | | ???????????????????????????????????????????????? | | ???????????????????????????????????????????????? | | ???????????????????????????????????????????????? | | ???????????????????????????????????????????????? | | ???????????????????????????????????????????????? | | ???????????????????????????????????????????????? | | ???????????????????????????????????????????????? | | ???????????????????????????????????????????????? | | ???????????????????????????????????????????????? | | ???????????????????????????????????????????????? | | ???????????????????????????????????????????????? | | | | | | | +----------------------------------------------------+ Best States ------------- Heat Dissipation 25 Energy Generation 10 Energy Capacity 125 Matter Stores 300 Matter Capacity 300 Sight Range 16 Robot Scan Range 14 Terrain Scan Density 10 Evasion (%) 62 Item Schematics ----------------- None Robot Schematics ------------------ None Fabricated ------------ Nothing Repaired ---------- Nothing Studied --------- None Alien Tech Used ----------------- None Achievements -------------- None Challenges ------------ None Game ------ Seed SixTransportDevice Manual? 0 Play Time 00:09:05 Cumulative 36.3 hours Start 2025.11.29 @ 11:08:24 End 2025.11.29 @ 11:16:26 Sessions 1 Manual Loads 0 Difficulty Rogue Special Mode None Game No. 37 Rogue 37 Adventurer 0 Explorer 0 Win Type - Total 0 Types 0/0/0/0/0/0/0/0/0/0 Lore% 17 Gallery% 33 Achievement% 23 Wizard Run 0 Options --------- Layout 1 ASCII 0 Keyboard 0 Movement Mouse Keybinds 0 Fullscreen 1 Font 24/Smallcaps Map View 50x35 Zoom Use 0% Tactical HUD 1 Map Filters NONE Filters NONE Steam 1 RUN: 66d2919e-4445-47b6-b7dc-bb507636a700